 Dungeon Crawl Stone Soup version 0.18.1-48-g4cf74bf (webtiles) character file.

2325 Crag the Firebug (level 8, 0/57 HPs)
             Began as a Demigod Fire Elementalist on Sept 5, 2016.
             Killed from afar by Psyche (5 damage)
             ... with a puff of flame
             ... on level 8 of the Dungeon.
             The game lasted 00:38:30 (8259 turns).

Crag the Firebug (Demigod Fire Elementalist)        Turns: 8259, Time: 00:38:31

Health: 0/57       AC:  5    Str: 13    XL:     8   Next: 99%
Magic:  25/34      EV: 15    Int: 23    God:
Gold:   402        SH:  0    Dex: 14    Spells: 3 memorised, 9 levels left

rFire  . . .     SeeInvis .     u - staff of power
rCold  . . .     Gourm    .     v - +0 robe {MR+}
rNeg   . . .     Faith    .     (no shield)
rPois  .         Spirit   .     B - +0 helmet
rElec  .         Dismiss  .     (no cloak)
rCorr  .         Reflect  .     (no gloves)
SustAt +         Harm     .     k - +1 pair of boots
MR     +....                    (no amulet)
Stlth  ++........               (no ring)
                                (no ring)

@: lethally poisoned (0 -> -3), very slightly contaminated, drained, somewhat
resistant to hostile enchantments, unstealthy
A: clumsy 1, high mp 1, strong 1, sustain attributes
a: no special abilities


You were on level 8 of the Dungeon.
You were not hungry.

You visited 1 branch of the dungeon, and saw 8 of its levels.

You collected 402 gold pieces.

Inventory:

Hand Weapons
 e - a +3 hand axe of electrocution
 w - a +0 spear
Armour
 a - a +0 robe
 k - a +1 pair of boots (worn)
 v - a +0 robe of magic resistance (worn)
 z - a +0 robe
 B - a +0 helmet (worn)
Magical Staves
 u - an uncursed staff of power (weapon)
Jewellery
 C - an uncursed amulet of guardian spirit
Wands
 D - a wand of confusion (8/48)
Scrolls
 f - 3 scrolls of magic mapping
 h - 3 scrolls of teleportation
 n - 2 scrolls of enchant weapon
 o - 5 scrolls of identify
 t - a scroll of blinking
Potions
 d - a potion of heal wounds
 i - 2 potions of degeneration
 m - a potion of curing
 p - a potion of cancellation
 r - 2 potions of might
 F - a potion of haste
Books
 b - a book of Flames

   Spells                             Type                      Level
   a - Flame Tongue                   Conjuration/Fire             1
   b - Throw Flame                    Conjuration/Fire             2
   c - Conjure Flame                  Conjuration/Fire             3
   d - Inner Flame                    Hexes/Fire                   3
   e - Sticky Flame                   Conjuration/Fire             4
   f - Fireball                       Conjuration/Fire             5
 s - a Necronomicon

   Spells                             Type                      Level
   a - Haunt                          Necromancy/Summoning         7
   b - Borgnjor's Revivification      Necromancy                   8
   c - Death's Door                   Charms/Necromancy            8
   d - Necromutation                  Transmutation/Necromancy     8
 E - a book of Misfortune

   Spells                             Type                      Level
   a - Confusing Touch                Hexes                        2
   b - Confuse                        Hexes                        3
   c - Gell's Gravitas                Hexes/Translocation          3
   d - Petrify                        Transmutation/Earth          4
   e - Metabolic Englaciation         Hexes/Ice                    5
   f - Yara's Violent Unravelling     Hexes/Transmutation          5
Miscellaneous
 q - a plain deck of war {drawn: 3}
Comestibles
 c - 9 bread rations
 g - 3 fruits
 j - 7 slices of pizza
 l - 6 meat rations
 x - 3 beef jerkies
 A - a chunk of flesh


   Skills:
 + Level 5.9(5.6) Dodging
 - Level 1.7(1.5) Stealth
 + Level 5.3(5.0) Spellcasting
 + Level 5.5(5.3) Conjurations
 + Level 6.2(5.9) Fire Magic


You had 9 spell levels left.
You knew the following spells:

 Your Spells              Type           Power        Failure   Level  Hunger
a - Flame Tongue          Conj/Fire      ####.        1%          1    None
b - Conjure Flame         Conj/Fire      ####....     3%          3    ##.....
c - Sticky Flame          Conj/Fire      ####....     12%         4    ####...


Dungeon Overview and Level Annotations

Branches:
Dungeon (8/15)
 Temple: D:4-7         Lair: D:8-11

Annotations:
D:3 Perturabo's ghost, amateur DsAK
D:6 Crag's ghost, novice DgFE
D:7 aves's ghost, novice VSFi
D:8 Psyche


Innate Abilities, Weirdness & Mutations

You have an increased reservoir of magic (+10% MP).
Your attributes are resistant to harm.
You are clumsy. (Dex -2)
Your muscles are strong. (Str +2)


Message History

Psyche burns!
Psyche mumbles some strange words.
Psyche flickers and vanishes for a moment.
You barely miss Psyche.
Psyche is severely wounded.
You feel sick.
Psyche burns! x2
You hear some strange, mumbled words.
A magic dart appears from out of thin air!
Deactivating autopickup; reactivate with Ctrl-A.
The magic dart hits you!
* * * LOW HITPOINT WARNING * * *
You hear some strange, mumbled words.
A magic dart appears from out of thin air!
The magic dart hits you!
* * * LOW HITPOINT WARNING * * *
You feel sick.
You hear some strange, mumbled words.
A puff of flame appears from out of thin air!
The puff of flame hits you!
You die...

##...###'###....##.####....##....
..........#........#.............
.........@#........#.............
..........#........#.............
##..###...# #.....####....##....
#..###...####.....##########....
.............#.(...........#.....
.............#.............##....
.............a{.@..........######
.............#...................
............#...##..###...##....
########....######..# #####.....
####.# #..... #..... ### #....(#
###### #.....# #.....# ##..


You could see a worker ant.

Vanquished Creatures
  An elephant (D:8)
  Prince Ribbit (D:8)
  A human (D:7)
  A hippogriff (D:7)
  2 ice beasts
  A phantom (D:5)
  2 centaurs
  A giant frog (D:8)
  A scorpion (D:4)
  2 crimson imps (D:5)
  A giant frog zombie (D:5)
  2 giant frog skeletons
  2 orc priests (D:4)
  Jessica (D:3)
  6 worker ants
  Natasha (twice) (D:3)
  6 orc wizards
  A killer bee zombie (D:6)
  4 sheep (D:7)
  A hound zombie (D:5)
  A howler monkey zombie (D:5)
  A worker ant zombie (D:8)
  A howler monkey skeleton (D:8)
  7 adders
  3 shadow imps
  4 oozes
  3 adder skeletons
  8 worms
  A dart slug (D:1)
  4 giant geckos
  13 orcs
  5 giant cockroaches
  5 goblins
  6 hobgoblins
  7 kobolds
  2 quokkas
  4 ball pythons
  8 bats
  A giant gecko skeleton (D:5)
  3 giant newts
  8 rats
134 creatures vanquished.

Vanquished Creatures (collateral kills)
  Terence (D:2)
  A giant cockroach (D:2)
2 creatures vanquished.

Grand Total: 136 creatures vanquished

Notes
Turn   | Place    | Note
--------------------------------------------------------------
     0 | D:1      | Crag the Demigod Fire Elementalist began the quest for the Orb.
     0 | D:1      | Reached XP level 1. HP: 14/14 MP: 5/5
   148 | D:1      | Reached skill level 1 in Conjurations
   312 | D:1      | Reached XP level 2. HP: 20/20 MP: 4/7
   543 | D:1      | Reached skill level 3 in Fire Magic
   980 | D:2      | Found an ancient bone altar of Kikubaaqudgha.
   986 | D:2      | Reached XP level 3. HP: 26/26 MP: 7/9
  1169 | D:2      | Found a burning altar of Makhleb.
  1530 | D:2      | Found an iron altar of Okawaru.
  1541 | D:2      | Found a shattered altar of Ashenzari.
  1563 | D:2      | Found a blossoming altar of Fedhas.
  1622 | D:2      | Noticed Terence
  1623 | D:2      | Noticed a brown ugly thing
  1635 | D:2      | Killed Terence
  2196 | D:3      | Reached XP level 4. HP: 33/33 MP: 7/10
  2204 | D:3      | Learned a level 3 spell: Conjure Flame
  2209 | D:3      | Learned a level 4 spell: Sticky Flame
  2396 | D:3      | Noticed Natasha
  2418 | D:3      | Killed Natasha
  2504 | D:3      | Noticed Jessica
  2514 | D:3      | Killed Jessica
  2948 | D:3      | Found an oddly glowing altar of Pakellas.
  2955 | D:3      | Found a radiant altar of Vehumet.
  3073 | D:3      | Noticed Perturabo's ghost (amateur DsAK)
  3239 | D:4      | Reached XP level 5. HP: 38/38 MP: 12/12
  3314 | D:4      | Found a sacrificial altar of Ru.
  4357 | D:4      | Reached XP level 6. HP: 40/45 MP: 14/14
  4641 | D:4      | Reached skill level 4 in Fire Magic
  5068 | D:3      | Found a faded altar to an unknown god.
  5137 | D:3      | Noticed Natasha
  5152 | D:3      | Killed Natasha
  5312 | D:5      | Entered Level 5 of the Dungeon
  5366 | D:4      | Reached XP level 7. HP: 29/50 MP: 16/16
  5863 | D:5      | Noticed a moth of wrath
  5866 | D:5      | Found a bloodstained altar of Trog.
  6799 | D:6      | Reached skill level 5 in Fire Magic
  7008 | D:6      | Noticed Crag's ghost (novice DgFE)
  7139 | D:6      | Reached XP level 8. HP: 56/57 MP: 18/18
  7272 | D:7      | Gained mutation: Your muscles are strong. (Str +2) [potion of mutation]
  7272 | D:7      | Gained mutation: You are clumsy. (Dex -2) [potion of mutation]
  7335 | D:7      | Reached skill level 5 in Dodging
  7680 | D:7      | Noticed aves's ghost (novice VSFi)
  7788 | D:8      | Noticed Prince Ribbit
  7810 | D:8      | Killed Prince Ribbit
  7810 | D:8      | Reached skill level 5 in Spellcasting
  7810 | D:8      | Reached skill level 5 in Conjurations
  8023 | D:8      | Reached skill level 6 in Fire Magic
  8146 | D:8      | Noticed an elephant
  8165 | D:8      | Killed an elephant
  8229 | D:8      | Noticed Psyche
  8259 | D:8      | Killed from afar by Psyche

Skill      XL: |  1  2  3  4  5  6  7  8 |
---------------+-------------------------+-----
Spellcasting   | 2 3 4 5 |  5.3
Conjurations   | 1 2 3 4 5 |  5.5
Dodging        | 2 3 4 5 |  5.9
Fire Magic     | 3 4 5 6 |  6.2
Stealth        | |  1.7

Action                   |  1- 3 |  4- 6 |  7- 9 || total
-------------------------+-------+-------+-------++-------
Melee: Hand axe          |    10 |       |     7 ||    17
       Staff             |       |    16 |    20 ||    36
 Cast: Flame Tongue      |    68 |   140 |   183 ||   391
       Conjure Flame     |       |    10 |     7 ||    17
       Sticky Flame      |       |       |     1 ||     1
Evoke: Deck              |     3 |       |       ||     3
  Use: Scroll            |       |       |     8 ||     8
       Potion            |       |       |     8 ||     8
  Eat: Chunk             |     4 |    10 |     8 ||    22
       Royal jelly       |       |       |     1 ||     1
Armor: Robe              |     7 |    23 |    13 ||    43
Dodge: Dodged            |    11 |    35 |    61 ||   107
